Bridgeport Sound Tigers vs Seattle Thunderbirds

Created - 14 octobre 2019 at 18:58

Goals
1 2 3 T
Bridgeport Sound Tigers 1 2 1 4
Seattle Thunderbirds 0 9 2 11
Shots
1 2 3 T
Bridgeport Sound Tigers 10 10 8 28
Seattle Thunderbirds 6 23 3 32

1st period

1. Bridgeport Sound Tigers , Logan Shaw 3 (Justin Dowling 4, Justin Scott 4) at 8:48

Penalties :
Logan Brown (THU) for Fighting (Major) at 0:30, Jacob Middleton (SND) for Fighting (Major) at 0:30

2nd period

2. Seattle Thunderbirds , Josh Leivo 4 (Steve Bernier 4, Jacob Larsson 1) at 0:14
3. Bridgeport Sound Tigers , Ryan Lomberg 3 (Justin Dowling 5) at 2:13
4. Seattle Thunderbirds , Stefan Noesen 6 (T.J. Tynan 7) at 2:55
5. Seattle Thunderbirds , Sam Carrick 2 (Josh Leivo 3, Steve Bernier 5) at 4:27
6. Bridgeport Sound Tigers , Justin Dowling 3 (Par Lindholm 5) at 10:54
7. Seattle Thunderbirds , Matt Read 2 (Brooks Macek 2) at 13:47
8. Seattle Thunderbirds , Josh Leivo 5 (Emil Pettersson 1, Jacob MacDonald 2) at 16:39
9. Seattle Thunderbirds , Josh Leivo 6 (Steve Bernier 6, Sam Carrick 2) at 16:45
10. Seattle Thunderbirds , Josh Leivo 7 (Sam Carrick 3) at 19:04 (PP)
11. Seattle Thunderbirds , Sam Carrick 3 (Josh Leivo 4, Jacob MacDonald 3) at 19:16
12. Seattle Thunderbirds , Josh Leivo 8 (Jacob MacDonald 4, Sam Carrick 4) at 19:22

Penalties :
Josh Leivo (THU) for Fighting (Major) at 7:45, Jacob Middleton (SND) for Fighting (Major) at 7:45, Jacob Middleton (SND) for instigated a fight (Minor) at 7:45, Jacob Middleton (SND) for instigated a fight (10 Minutes Misconduct) at 7:45, Andrew O'Brien (SND) for Hooking (Minor) at 19:02, Steve Bernier (THU) for Tripping (Minor) at 19:47

3rd period

13. Bridgeport Sound Tigers , Cole Schneider 2 (Logan Shaw 6, Christian Fischer 7) at 10:17 (PP)
14. Seattle Thunderbirds , Logan Brown 2 (T.J. Tynan 8, Jacob Larsson 2) at 10:50
15. Seattle Thunderbirds , Yannick Weber 1 (Stefan Noesen 4) at 13:31

Penalties :
Sam Carrick (THU) for Fighting (Major) at 9:26, Justin Scott (SND) for Fighting (Major) at 9:26, Jacob MacDonald (THU) for Fighting (Major) at 9:29, Evan McEneny (SND) for Fighting (Major) at 9:29, Stefan Noesen (THU) for Slashing (Minor) at 10:15, Josh Leivo (THU) for Fighting (Major) at 10:18, Jacob Middleton (SND) for Fighting (Major / Game Misconduct) at 10:18, Steve Bernier (THU) for Fighting (Major) at 10:51, Cole Schneider (SND) for Fighting (Major) at 10:51

Goalie Stats

Colton Phinney (SND), 20 saves from 26 shots - (0,769), L, 1-1-0, 36:45 minutes
Unknown Goalie (SND), 1 saves from 6 shots - (0,167), 23:15 minutes
Mitch Gillam (THU), 24 saves from 28 shots - (0,857), W, 2-0-1, 60:00 minutes

Players Stats for Bridgeport Sound Tigers

Player Name              G  A  P  +/- PIM S  H  SB GA TA FO     MP     PP MP  PK MP  
------------------------------------------------------------------------------------
Andrew O'Brien           0  0  0  -3  2   0  2  0  0  2  0/0    18:13   0:00   0:25 
Brendan Leipsic          0  0  0  -3  0   1  1  0  0  1  0/1    17:29   0:40   0:00 
Christian Fischer        0  1  1  -5  0   4  1  1  1  1  14/30  17:37   1:21   1:08 
Cole Schneider           1  0  1  -5  5   1  0  1  0  0  0/2    15:35   1:21   0:29 
Drake Batherson          0  0  0  -3  0   1  2  0  2  0  5/9    17:59   0:40   0:29 
Evan McEneny             0  0  0  -5  5   1  1  1  0  1  0/0    22:53   1:07   1:20 
Jacob Middleton          0  0  0   1  37  0  1  2  0  0  0/0     9:34   0:00   0:00 
Joni Tuulola             0  0  0   1  0   0  2  0  0  0  0/0    17:37   0:52   0:41 
Justin Dowling           1  2  3   3  0   3  1  0  0  0  4/5    10:25   0:00   0:24 
Justin Scott             0  1  1  -1  5   0  1  1  0  0  0/0    15:43   0:40   0:00 
Logan Shaw               1  1  2  -3  0   5  3  1  2  0  3/4    22:58   1:21   1:14 
Mathieu Olivier          0  0  0  -2  0   0  0  0  0  0  0/0    15:20   0:00   0:00 
Matt Roy                 0  0  0  -5  0   2  3  4  0  0  0/0    24:43   1:09   1:20 
Michael Bunting          0  0  0  -2  0   3  0  1  0  0  0/1    15:33   0:00   0:00 
Par Lindholm             0  1  1  -3  0   4  1  0  0  0  1/3    16:58   0:00   0:18 
Patrick Sieloff          0  0  0  -3  0   1  3  1  0  0  0/0    22:13   0:54   0:16 
Ryan Lomberg             1  0  1   3  0   2  2  0  1  0  0/0    10:04   0:00   0:00 
Steven Lorentz           0  0  0   0  0   0  1  0  0  0  0/0     5:24   0:00   0:00 

Players Stats for Seattle Thunderbirds

Player Name              G  A  P  +/- PIM S  H  SB GA TA FO     MP     PP MP  PK MP  
------------------------------------------------------------------------------------
Andrew Campbell          0  0  0   0  0   0  0  0  0  0  0/0     9:21   0:00   0:00 
Brooks Macek             0  1  1  -1  0   0  0  1  1  0  0/1    16:53   0:17   0:00 
Emil Pettersson          0  1  1   0  0   2  0  0  0  0  2/3     8:13   0:00   0:00 
Jacob Larsson            0  2  2   7  0   0  0  0  0  3  0/0    23:10   1:21   1:13 
Jacob MacDonald          0  3  3   6  5   1  0  0  0  0  0/0    20:43   1:21   1:11 
Joey LaLeggia            0  0  0   0  0   1  0  0  0  0  0/0    12:50   0:00   0:02 
Josh Leivo               5  2  7   6  10  10 1  0  0  1  0/0    19:22   0:02   1:18 
Logan Brown              1  0  1   1  5   1  1  0  1  1  2/5    15:42   0:45   0:00 
Logan Stanley            0  0  0   0  0   0  0  0  0  0  0/0    10:00   0:00   0:00 
Matt Irwin               0  0  0   1  0   0  0  0  0  0  0/0    14:34   0:00   0:00 
Matt Read                1  0  1   0  0   3  3  1  0  0  5/15   17:53   0:57   0:00 
Matt Tennyson            0  0  0   0  0   0  1  0  0  0  0/0    15:55   0:40   0:48 
Peter Cehlarik           0  0  0   0  0   0  0  0  0  0  0/3    16:54   0:00   1:07 
Sam Carrick              2  3  5   5  5   3  2  0  1  0  17/25  17:25   1:13   0:00 
Stefan Noesen            1  1  2   2  2   4  0  1  0  0  0/0    19:20   0:48   0:43 
Steve Bernier            0  3  3   6  7   3  1  0  1  0  2/3    21:08   1:13   0:02 
T.J. Tynan               0  2  2   1  0   3  0  0  1  1  0/0    19:46   0:48   0:52 
Yannick Weber            1  0  1   1  0   1  1  1  0  0  0/0    18:29   0:40   0:48 

3 Stars

1 - Josh Leivo (THU)
2 - Sam Carrick (THU)
3 - Jacob Larsson (THU)

Power Play

Bridgeport Sound Tigers - 1 on 2 Attempt(s) - 50,00%
Seattle Thunderbirds - 1 on 2 Attempt(s) - 50,00%

Penalty Kill

Bridgeport Sound Tigers - 1 on 2 Attempt(s) - 50,00% - Score 0 goal in Penalty Kill
Seattle Thunderbirds - 1 on 2 Attempt(s) - 50,00% - Score 0 goal in Penalty Kill

Team Stat

Bridgeport Sound Tigers - Hits : 25 - Faceoff Wins : 27 - Blocked Shots : 13 - Penalty Minutes : 54
Seattle Thunderbirds - Hits : 10 - Faceoff Wins : 28 - Blocked Shots : 4 - Penalty Minutes : 34

Official

Referees : Frederick L'Ecuyer and Ghislain Hebert
Linesman : Ryan Galloway and Brian Mach

Game Notes

Jacob Middleton beats up Logan Brown at 0:30 of 1st period
Josh Leivo beats up Jacob Middleton at 7:45 of 2nd period
Josh Leivo has scored a Hat Trick!
Unknown Goalie enters game at 16:45 of 2nd period
Sam Carrick beats up Justin Scott at 9:26 of 3rd period
Evan McEneny beats up Jacob MacDonald at 9:29 of 3rd period
Josh Leivo beats up Jacob Middleton at 10:18 of 3rd period
Jacob Middleton ejected from game at 10:18 of 3rd period
Steve Bernier beats up Cole Schneider at 10:51 of 3rd period

Finance

Level 1 -- Attendance: 1438 (71,90%) -- Ticket Income 50 330 $
Level 2 -- Attendance: 825 (82,50%) -- Ticket Income 12 375 $
Total Attendance: 2263 (75,43%)
Total Ticket Income: 62 705 $
Other Income: 30 725 $
Total Income: 93 430 $

Bridgeport Sound Tigers

5 vs 5 Forward 
   Center                   Left Wing                Right Wing               Time % Phy DF OF 
 1 Christian Fischer        Cole Schneider           Logan Shaw               30     1   2  2  
 2 Drake Batherson          Brendan Leipsic          Justin Scott             30     1   2  2  
 3 Par Lindholm             Michael Bunting          Mathieu Olivier          20     1   2  2  
 4 Justin Dowling           Ryan Lomberg             Logan Shaw               20     1   2  2  

5 vs 5 Defense 
   Defense                  Defense                                           Time % Phy DF OF 
 1 Matt Roy                 Evan McEneny                                      40     1   2  2  
 2 Jacob Middleton          Joni Tuulola                                      30     1   2  2  
 3 Patrick Sieloff          Andrew O'Brien                                    30     1   2  2  
 4 Matt Roy                 Evan McEneny                                      0      1   2  2  

PowerPlay Forward 
   Center                   Left Wing                Right Wing               Time % Phy DF OF 
 1 Christian Fischer        Cole Schneider           Logan Shaw               60     1   2  2  
 2 Drake Batherson          Brendan Leipsic          Justin Scott             40     1   2  2  

PowerPlay Defense
   Defense                  Defense                                           Time % Phy DF OF 
 1 Matt Roy                 Evan McEneny                                      60     1   2  2  
 2 Jacob Middleton          Joni Tuulola                                      40     1   2  2  

Penalty Kill 4 Players Forward 
   Center                   Wing                     Time % Phy DF OF 
 1 Logan Shaw               Christian Fischer        60     1   2  2  
 2 Cole Schneider           Drake Batherson          40     1   2  2  

Penalty Kill 4 Players Defense
   Defense                  Defense                  Time % Phy DF OF 
 1 Matt Roy                 Evan McEneny             60     1   2  2  
 2 Jacob Middleton          Joni Tuulola             40     1   2  2  

Penalty Kill - 3 Players Forward 
   Forward                                           Time % Phy DF OF 
 1 Logan Shaw                                        60     1   2  2  
 2 Christian Fischer                                 40     1   2  2  

Penalty Kill - 3 Players Defense
   Defense                  Defense                  Time % Phy DF OF 
 1 Matt Roy                 Evan McEneny             60     1   2  2  
 2 Jacob Middleton          Joni Tuulola             40     1   2  2  

4 vs 4 Forward 
   Center                   Wing                     Time % Phy DF OF 
 1 Logan Shaw               Christian Fischer        60     1   2  2  
 2 Cole Schneider           Drake Batherson          40     1   2  2  

4 vs 4 Defense
   Defense                  Defense                  Time % Phy DF OF 
 1 Matt Roy                 Evan McEneny             60     1   2  2  
 2 Jacob Middleton          Joni Tuulola             40     1   2  2  

Last Minutes Offensive
   Center                   Left Wing                Right Wing               Defense                  Defense                  
   Christian Fischer        Cole Schneider           Logan Shaw               Matt Roy                 Evan McEneny             

Last Minutes Defensive
   Center                   Left Wing                Right Wing               Defense                  Defense                  
   Christian Fischer        Cole Schneider           Logan Shaw               Matt Roy                 Evan McEneny             

Goaltenders
Starting : Colton Phinney           
Backup : Unknown Goalie           

Extra Forwards
Normal : Steven Lorentz, Par Lindholm, Justin Dowling - PP : Steven Lorentz, Par Lindholm - PK : Justin Dowling
Extra Defensemen
Normal : Patrick Sieloff, Andrew O'Brien, Jacob Middleton - PP : Patrick Sieloff - PK : Andrew O'Brien, Jacob Middleton
Penalty Shots
Logan Shaw, Christian Fischer, Cole Schneider, Drake Batherson, Brendan Leipsic

Scratches
Kerby Rychel (Healthy), Ty Rattie (Healthy), Dylan Sadowy (Healthy), Filip Sandberg (Healthy), Joona Koppanen (Healthy)
Harri Sateri (Healthy), C.J. Motte (Healthy)

Seattle Thunderbirds

5 vs 5 Forward 
   Center                   Left Wing                Right Wing               Time % Phy DF OF 
 1 Sam Carrick              Josh Leivo               Steve Bernier            40     1   2  2  
 2 Logan Brown              Stefan Noesen            T.J. Tynan               30     1   2  2  
 3 Matt Read                Peter Cehlarik           Brooks Macek             20     1   2  2  
 4 Emil Pettersson          Steve Bernier            Josh Leivo               10     1   2  2  

5 vs 5 Defense 
   Defense                  Defense                                           Time % Phy DF OF 
 1 Jacob Larsson            Jacob MacDonald                                   40     1   2  2  
 2 Yannick Weber            Matt Tennyson                                     30     1   2  2  
 3 Matt Irwin               Joey LaLeggia                                     20     1   2  2  
 4 Andrew Campbell          Logan Stanley                                     10     1   2  2  

PowerPlay Forward 
   Center                   Left Wing                Right Wing               Time % Phy DF OF 
 1 Sam Carrick              Josh Leivo               Steve Bernier            60     1   2  2  
 2 Logan Brown              Stefan Noesen            T.J. Tynan               40     1   2  2  

PowerPlay Defense
   Defense                  Defense                                           Time % Phy DF OF 
 1 Jacob Larsson            Jacob MacDonald                                   60     1   2  2  
 2 Yannick Weber            Matt Tennyson                                     40     1   2  2  

Penalty Kill 4 Players Forward 
   Center                   Wing                     Time % Phy DF OF 
 1 Steve Bernier            Josh Leivo               60     1   2  2  
 2 Sam Carrick              Stefan Noesen            40     1   2  2  

Penalty Kill 4 Players Defense
   Defense                  Defense                  Time % Phy DF OF 
 1 Jacob Larsson            Jacob MacDonald          60     1   2  2  
 2 Yannick Weber            Matt Tennyson            40     1   2  2  

Penalty Kill - 3 Players Forward 
   Forward                                           Time % Phy DF OF 
 1 Steve Bernier                                     60     1   2  2  
 2 Josh Leivo                                        40     1   2  2  

Penalty Kill - 3 Players Defense
   Defense                  Defense                  Time % Phy DF OF 
 1 Jacob Larsson            Jacob MacDonald          60     1   2  2  
 2 Yannick Weber            Matt Tennyson            40     1   2  2  

4 vs 4 Forward 
   Center                   Wing                     Time % Phy DF OF 
 1 Steve Bernier            Josh Leivo               60     1   2  2  
 2 Sam Carrick              Stefan Noesen            40     1   2  2  

4 vs 4 Defense
   Defense                  Defense                  Time % Phy DF OF 
 1 Jacob Larsson            Jacob MacDonald          60     1   2  2  
 2 Yannick Weber            Matt Tennyson            40     1   2  2  

Last Minutes Offensive
   Center                   Left Wing                Right Wing               Defense                  Defense                  
   Sam Carrick              Josh Leivo               Steve Bernier            Jacob Larsson            Jacob MacDonald          

Last Minutes Defensive
   Center                   Left Wing                Right Wing               Defense                  Defense                  
   Sam Carrick              Josh Leivo               Steve Bernier            Jacob Larsson            Jacob MacDonald          

Goaltenders
Starting : Mitch Gillam             
Backup : John Muse                

Extra Forwards
Normal : Matt Read, Brooks Macek, Peter Cehlarik - PP : Matt Read, Brooks Macek - PK : Peter Cehlarik
Extra Defensemen
Normal : Matt Irwin, Joey LaLeggia, Andrew Campbell - PP : Matt Irwin - PK : Joey LaLeggia, Andrew Campbell
Penalty Shots
Steve Bernier, Josh Leivo, Sam Carrick, Yannick Weber, Stefan Noesen

Scratches
Brett Sutter (Healthy), Rob O'Gara (Healthy), Vincent LoVerde (Healthy), Rourke Chartier (Healthy), Landon Ferraro (Healthy)
Hampus Gustafsson (Healthy), Zane McIntyre (Healthy), Jake Paterson (Healthy)

% Time on Ice - Bridgeport Sound Tigers

Lines # - Real PCT - Wanted PCT - Time Play
Normal Forward
1 - 27% - 30% - 14:53
2 - 30% - 30% - 16:42
3 - 26% - 20% - 14:20
4 - 18% - 20% - 10:03
Normal Defense
1 - 36% - 40% - 20:25
2 - 34% - 30% - 19:09
3 - 29% - 30% - 16:24
4 - 0% - 0% - 0:00
PP Forward
1 - 67% - 60% - 1:21
2 - 33% - 40% - 0:40
PP Defense
1 - 57% - 60% - 1:09
2 - 43% - 40% - 0:52
PK Forward
1 - 76% - 60% - 1:32
2 - 24% - 40% - 0:29
PK Defense
1 - 66% - 60% - 1:20
2 - 34% - 40% - 0:41
PK3 Forward
1 - 0% - 60%
2 - 0% - 40%
PK3 Defense
1 - 0% - 60%
2 - 0% - 40%
44 Forward
1 - 0% - 60%
2 - 0% - 40%
44 Defense
1 - 0% - 60%
2 - 0% - 40%
Last Minute Offensive  - 0:00
Last Minute Defensive  - 0:00
Total
Forward - 60:00
Defense - 60:00

% Time on Ice - Seattle Thunderbirds

Lines # - Real PCT - Wanted PCT - Time Play
Normal Forward
1 - 39% - 40% - 21:51
2 - 26% - 30% - 14:38
3 - 25% - 20% - 13:45
4 - 10% - 10% - 5:44
Normal Defense
1 - 37% - 40% - 20:55
2 - 25% - 30% - 14:11
3 - 22% - 20% - 12:11
4 - 16% - 10% - 8:41
PP Forward
1 - 63% - 60% - 1:16
2 - 37% - 40% - 0:45
PP Defense
1 - 67% - 60% - 1:21
2 - 33% - 40% - 0:40
PK Forward
1 - 100% - 60% - 2:01
2 - 0% - 40% - 0:00
PK Defense
1 - 60% - 60% - 1:13
2 - 40% - 40% - 0:48
PK3 Forward
1 - 0% - 60%
2 - 0% - 40%
PK3 Defense
1 - 0% - 60%
2 - 0% - 40%
44 Forward
1 - 0% - 60%
2 - 0% - 40%
44 Defense
1 - 0% - 60%
2 - 0% - 40%
Last Minute Offensive  - 0:00
Last Minute Defensive  - 0:00
Total
Forward - 60:00
Defense - 60:00

Play-by-Play

1st period


0:01 of 1st period - Sam Carrick wins face-off versus Christian Fischer in neutral zone.
0:07 of 1st period - Icing by Evan McEneny.
0:08 of 1st period - Sam Carrick wins face-off versus Christian Fischer in Bridgeport Sound Tigers zone.
0:11 of 1st period - Slapshot by Josh Leivo.
0:11 of 1st period - Shot Blocked by Cole Schneider.
0:15 of 1st period - Snap shot by Steve Bernier.
0:15 of 1st period - Stopped by Colton Phinney without a rebound.
0:16 of 1st period - Logan Brown wins face-off versus Drake Batherson in Bridgeport Sound Tigers zone.
0:17 of 1st period - Wrist shot by Stefan Noesen.
0:17 of 1st period - Shot Misses the Net.
0:30 of 1st period - Jacob Middleton beats up Logan Brown.
0:30 of 1st period - Penalty to Logan Brown for Fighting.
0:30 of 1st period - Penalty to Jacob Middleton for Fighting.
0:31 of 1st period - Matt Read wins face-off versus Michael Bunting in Seattle Thunderbirds zone.
0:55 of 1st period - Matt Read is hit by Andrew O'Brien and loses puck.
1:08 of 1st period - Snap shot by Par Lindholm.
1:08 of 1st period - Stopped by Mitch Gillam with a rebound.
1:43 of 1st period - Wrist shot by Peter Cehlarik.
1:43 of 1st period - Shot Misses the Net.
2:42 of 1st period - Snap shot by Michael Bunting.
2:42 of 1st period - Stopped by Mitch Gillam with a rebound.
2:44 of 1st period - Wrist shot by Michael Bunting.
2:44 of 1st period - Shot Misses the Net.
2:46 of 1st period - Snap shot by Michael Bunting.
2:46 of 1st period - Stopped by Mitch Gillam with a rebound.
3:02 of 1st period - Snap shot by Par Lindholm.
3:02 of 1st period - Stopped by Mitch Gillam with a rebound.
3:04 of 1st period - Snap shot by Par Lindholm.
3:04 of 1st period - Shot Misses the Net.
3:32 of 1st period - Snap shot by Par Lindholm.
3:32 of 1st period - Shot Misses the Net.
3:44 of 1st period - Snap shot by Michael Bunting.
3:44 of 1st period - Stopped by Mitch Gillam without a rebound.
3:45 of 1st period - Drake Batherson wins face-off versus Sam Carrick in Seattle Thunderbirds zone.
4:22 of 1st period - Slapshot by Stefan Noesen.
4:22 of 1st period - Shot Misses the Net.
4:34 of 1st period - Wrist shot by Logan Shaw.
4:34 of 1st period - Shot Misses the Net.
4:36 of 1st period - Snap shot by Justin Dowling.
4:36 of 1st period - Shot Blocked by Stefan Noesen.
4:38 of 1st period - Slapshot by Logan Shaw.
4:38 of 1st period - Shot Misses the Net.
6:19 of 1st period - Icing by Justin Scott.
6:20 of 1st period - Logan Brown wins face-off versus Christian Fischer in Bridgeport Sound Tigers zone.
6:56 of 1st period - Icing by Jacob Larsson.
6:57 of 1st period - Sam Carrick wins face-off versus Drake Batherson in Seattle Thunderbirds zone.
6:57 of 1st period - Sam Carrick is hit by Drake Batherson.
7:09 of 1st period - T.J. Tynan is hit by Ryan Lomberg and loses puck.
7:31 of 1st period - Off-side.
7:32 of 1st period - Logan Shaw wins face-off versus Sam Carrick in neutral zone.
8:06 of 1st period - Joni Tuulola is hit by Logan Brown and loses puck.
8:14 of 1st period - Icing by Jacob Middleton.
8:15 of 1st period - Christian Fischer wins face-off versus Sam Carrick in Bridgeport Sound Tigers zone.
8:48 of 1st period - Snap shot by Logan Shaw.
8:48 of 1st period - Goal by Logan Shaw - Bridgeport Sound Tigers : 1 - Seattle Thunderbirds : 0.
8:49 of 1st period - Sam Carrick wins face-off versus Cole Schneider in neutral zone.
9:00 of 1st period - Slapshot by Josh Leivo.
9:00 of 1st period - Shot Blocked by Matt Roy.
9:39 of 1st period - Par Lindholm is hit by Matt Read.
9:49 of 1st period - Wrist shot by Par Lindholm.
9:49 of 1st period - Shot Misses the Net.
10:22 of 1st period - Wrist shot by Logan Shaw.
10:22 of 1st period - Stopped by Mitch Gillam without a rebound.
10:23 of 1st period - Sam Carrick wins face-off versus Christian Fischer in Seattle Thunderbirds zone.
10:47 of 1st period - Snap shot by Drake Batherson.
10:47 of 1st period - Stopped by Mitch Gillam with a rebound.
11:31 of 1st period - Evan McEneny is hit by Josh Leivo and loses puck.
11:46 of 1st period - Stefan Noesen is hit by Logan Shaw.
12:08 of 1st period - Matt Tennyson is hit by Par Lindholm and loses puck.
12:37 of 1st period - Sam Carrick is hit by Steven Lorentz and loses puck.
15:05 of 1st period - Snap shot by Justin Dowling.
15:05 of 1st period - Stopped by Mitch Gillam without a rebound.
15:06 of 1st period - Justin Dowling wins face-off versus Matt Read in Seattle Thunderbirds zone.
15:07 of 1st period - Snap shot by Ryan Lomberg.
15:07 of 1st period - Stopped by Mitch Gillam without a rebound.
15:08 of 1st period - Matt Read wins face-off versus Christian Fischer in Seattle Thunderbirds zone.
16:14 of 1st period - Wrist shot by Steve Bernier.
16:14 of 1st period - Stopped by Colton Phinney with a rebound.
17:48 of 1st period - Icing by Logan Shaw.
17:49 of 1st period - Par Lindholm wins face-off versus Emil Pettersson in Bridgeport Sound Tigers zone.
18:00 of 1st period - Wrist shot by Stefan Noesen.
18:00 of 1st period - Stopped by Colton Phinney with a rebound.
18:02 of 1st period - Wrist shot by Logan Brown.
18:02 of 1st period - Deflect By T.J. Tynan.
18:02 of 1st period - Stopped by Colton Phinney with a rebound.
18:08 of 1st period - Wrist shot by Stefan Noesen.
18:08 of 1st period - Stopped by Colton Phinney with a rebound.
18:10 of 1st period - Snap shot by Stefan Noesen.
18:10 of 1st period - Shot Blocked by Michael Bunting.
18:58 of 1st period - Off-side.
18:59 of 1st period - Justin Dowling wins face-off versus Logan Brown in neutral zone.
19:26 of 1st period - Wrist shot by Steve Bernier.
19:26 of 1st period - Stopped by Colton Phinney with a rebound.
Goals for this period are 1 for Bridgeport Sound Tigers vs 0 for Seattle Thunderbirds.
Shots for this period are 10 for Bridgeport Sound Tigers vs 6 for Seattle Thunderbirds.

2nd period


0:01 of 2nd period - Christian Fischer wins face-off versus Sam Carrick in neutral zone.
0:12 of 2nd period - Slapshot by Steve Bernier.
0:12 of 2nd period - Shot Blocked by Logan Shaw.
0:14 of 2nd period - Wrist shot by Josh Leivo.
0:14 of 2nd period - Deflect By Christian Fischer.
0:14 of 2nd period - Goal by Josh Leivo - Bridgeport Sound Tigers : 1 - Seattle Thunderbirds : 1.
0:15 of 2nd period - Christian Fischer wins face-off versus Sam Carrick in neutral zone.
0:18 of 2nd period - Wrist shot by Logan Shaw.
0:18 of 2nd period - Shot Blocked by Yannick Weber.
0:20 of 2nd period - Wrist shot by Christian Fischer.
0:20 of 2nd period - Shot Misses the Net.
0:22 of 2nd period - Wrist shot by Logan Shaw.
0:22 of 2nd period - Shot Misses the Net.
0:24 of 2nd period - Slapshot by Matt Roy.
0:24 of 2nd period - Stopped by Mitch Gillam with a rebound.
0:26 of 2nd period - Snap shot by Cole Schneider.
0:26 of 2nd period - Shot Misses the Net.
0:28 of 2nd period - Wrist shot by Logan Shaw.
0:28 of 2nd period - Stopped by Mitch Gillam with a rebound.
0:48 of 2nd period - Wrist shot by Peter Cehlarik.
0:48 of 2nd period - Shot Blocked by Matt Roy.
0:50 of 2nd period - Backhand shot by Matt Read.
0:50 of 2nd period - Shot Blocked by Evan McEneny.
0:52 of 2nd period - Wrist shot by Jacob Larsson.
0:52 of 2nd period - Shot Misses the Net.
0:54 of 2nd period - Snap shot by Jacob Larsson.
0:54 of 2nd period - Shot Blocked by Christian Fischer.
1:34 of 2nd period - Slapshot by Par Lindholm.
1:34 of 2nd period - Stopped by Mitch Gillam with a rebound.
1:36 of 2nd period - Slapshot by Matt Roy.
1:36 of 2nd period - Deflect By Josh Leivo.
1:36 of 2nd period - Stopped by Mitch Gillam with a rebound.
1:38 of 2nd period - Wrist shot by Par Lindholm.
1:38 of 2nd period - Shot Misses the Net.
1:50 of 2nd period - Ryan Lomberg is hit by Matt Read.
2:06 of 2nd period - Matt Tennyson is hit by Justin Dowling and loses puck.
2:11 of 2nd period - Snap shot by Justin Dowling.
2:11 of 2nd period - Stopped by Mitch Gillam with a rebound.
2:13 of 2nd period - Snap shot by Ryan Lomberg.
2:13 of 2nd period - Goal by Ryan Lomberg - Bridgeport Sound Tigers : 2 - Seattle Thunderbirds : 1.
2:14 of 2nd period - Sam Carrick wins face-off versus Christian Fischer in neutral zone.
2:46 of 2nd period - Slapshot by T.J. Tynan.
2:46 of 2nd period - Stopped by Colton Phinney with a rebound.
2:55 of 2nd period - Snap shot by Stefan Noesen.
2:55 of 2nd period - Goal by Stefan Noesen - Bridgeport Sound Tigers : 2 - Seattle Thunderbirds : 2.
2:56 of 2nd period - Sam Carrick wins face-off versus Christian Fischer in neutral zone.
3:11 of 2nd period - Josh Leivo is hit by Logan Shaw and loses puck.
3:44 of 2nd period - Wrist shot by Josh Leivo.
3:44 of 2nd period - Stopped by Colton Phinney with a rebound.
3:46 of 2nd period - Slapshot by Matt Tennyson.
3:46 of 2nd period - Shot Blocked by Jacob Middleton.
4:00 of 2nd period - Wrist shot by Josh Leivo.
4:00 of 2nd period - Shot Blocked by Jacob Middleton.
4:10 of 2nd period - Jacob Middleton is hit by Sam Carrick and loses puck.
4:19 of 2nd period - Slapshot by Josh Leivo.
4:19 of 2nd period - Stopped by Colton Phinney with a rebound.
4:21 of 2nd period - Snap shot by Josh Leivo.
4:21 of 2nd period - Stopped by Colton Phinney with a rebound.
4:25 of 2nd period - Snap shot by Sam Carrick.
4:25 of 2nd period - Stopped by Colton Phinney with a rebound.
4:27 of 2nd period - Wrist shot by Sam Carrick.
4:27 of 2nd period - Goal by Sam Carrick - Bridgeport Sound Tigers : 2 - Seattle Thunderbirds : 3.
4:28 of 2nd period - Drake Batherson wins face-off versus Logan Brown in neutral zone.
4:43 of 2nd period - Wrist shot by Brendan Leipsic.
4:43 of 2nd period - Deflect By Drake Batherson.
4:43 of 2nd period - Shot Misses the Net.
4:43 of 2nd period - Puck is out of play.
4:44 of 2nd period - Matt Read wins face-off versus Christian Fischer in Seattle Thunderbirds zone.
5:09 of 2nd period - Stefan Noesen is hit by Brendan Leipsic.
5:13 of 2nd period - Wrist shot by Brendan Leipsic.
5:13 of 2nd period - Stopped by Mitch Gillam with a rebound.
6:49 of 2nd period - Wrist shot by Logan Shaw.
6:49 of 2nd period - Stopped by Mitch Gillam without a rebound.
6:50 of 2nd period - Justin Dowling wins face-off versus Matt Read in Seattle Thunderbirds zone.
7:03 of 2nd period - Slapshot by Matt Read.
7:03 of 2nd period - Shot Misses the Net.
7:11 of 2nd period - Icing by Brendan Leipsic.
7:12 of 2nd period - Drake Batherson wins face-off versus Logan Brown in Bridgeport Sound Tigers zone.
7:45 of 2nd period - Josh Leivo beats up Jacob Middleton.
7:45 of 2nd period - Penalty to Josh Leivo for Fighting.
7:45 of 2nd period - Penalty to Jacob Middleton for Fighting.
7:45 of 2nd period - Penalty to Jacob Middleton for instigated a fight.
7:45 of 2nd period - Penalty to Jacob Middleton for instigated a fight.
7:46 of 2nd period - Logan Shaw wins face-off versus Sam Carrick in Seattle Thunderbirds zone.
7:47 of 2nd period - Snap shot by Christian Fischer.
7:47 of 2nd period - Stopped by Mitch Gillam with a rebound.
8:08 of 2nd period - Icing by Jacob Larsson.
8:09 of 2nd period - Sam Carrick wins face-off versus Logan Shaw in Seattle Thunderbirds zone.
8:34 of 2nd period - Snap shot by Steve Bernier.
8:34 of 2nd period - Shot Blocked by Matt Roy.
8:36 of 2nd period - Snap shot by Sam Carrick.
8:36 of 2nd period - Shot Misses the Net.
8:38 of 2nd period - Slapshot by Jacob MacDonald.
8:38 of 2nd period - Shot Misses the Net.
9:08 of 2nd period - Par Lindholm is hit by Matt Tennyson and loses puck.
9:25 of 2nd period - Matt Read is hit by Joni Tuulola.
9:45 of 2nd period - Penalty to Jacob Middleton is over, Christian Fischer is send on ice.
10:42 of 2nd period - Andrew Campbell is hit by Drake Batherson.
10:52 of 2nd period - Snap shot by Justin Dowling.
10:52 of 2nd period - Shot Misses the Net.
10:54 of 2nd period - Snap shot by Justin Dowling.
10:54 of 2nd period - Goal by Justin Dowling - Bridgeport Sound Tigers : 3 - Seattle Thunderbirds : 3.
10:55 of 2nd period - Sam Carrick wins face-off versus Cole Schneider in neutral zone.
10:58 of 2nd period - Wrist shot by Sam Carrick.
10:58 of 2nd period - Shot Misses the Net.
11:20 of 2nd period - T.J. Tynan is hit by Patrick Sieloff and loses puck.
11:37 of 2nd period - Backhand shot by Emil Pettersson.
11:37 of 2nd period - Deflect By Par Lindholm.
11:37 of 2nd period - Stopped by Colton Phinney with a rebound.
11:44 of 2nd period - Icing by Matt Tennyson.
11:45 of 2nd period - Steve Bernier wins face-off versus Par Lindholm in Seattle Thunderbirds zone.
12:21 of 2nd period - Stefan Noesen is hit by Matt Roy and loses puck.
12:59 of 2nd period - Stefan Noesen is hit by Joni Tuulola and loses puck.
13:06 of 2nd period - Slapshot by Joey LaLeggia.
13:06 of 2nd period - Stopped by Colton Phinney with a rebound.
13:16 of 2nd period - Snap shot by Stefan Noesen.
13:16 of 2nd period - Stopped by Colton Phinney without a rebound.
13:17 of 2nd period - Sam Carrick wins face-off versus Brendan Leipsic in Bridgeport Sound Tigers zone.
13:45 of 2nd period - Snap shot by Matt Read.
13:45 of 2nd period - Stopped by Colton Phinney with a rebound.
13:47 of 2nd period - Wrist shot by Matt Read.
13:47 of 2nd period - Goal by Matt Read - Bridgeport Sound Tigers : 3 - Seattle Thunderbirds : 4.
13:48 of 2nd period - Christian Fischer wins face-off versus Sam Carrick in neutral zone.
15:00 of 2nd period - Wrist shot by Josh Leivo.
15:00 of 2nd period - Shot Blocked by Patrick Sieloff.
15:02 of 2nd period - Wrist shot by Sam Carrick.
15:02 of 2nd period - Shot Misses the Net.
15:06 of 2nd period - Snap shot by Josh Leivo.
15:06 of 2nd period - Stopped by Colton Phinney without a rebound.
15:07 of 2nd period - Drake Batherson wins face-off versus Matt Read in Bridgeport Sound Tigers zone.
15:18 of 2nd period - Snap shot by Matt Read.
15:18 of 2nd period - Stopped by Colton Phinney with a rebound.
15:20 of 2nd period - Snap shot by Jacob Larsson.
15:20 of 2nd period - Shot Blocked by Justin Scott.
16:27 of 2nd period - Icing by Andrew O'Brien.
16:28 of 2nd period - Emil Pettersson wins face-off versus Drake Batherson in Bridgeport Sound Tigers zone.
16:33 of 2nd period - Wrist shot by Josh Leivo.
16:33 of 2nd period - Stopped by Colton Phinney with a rebound.
16:35 of 2nd period - Slapshot by Jacob MacDonald.
16:35 of 2nd period - Stopped by Colton Phinney with a rebound.
16:37 of 2nd period - Wrist shot by Josh Leivo.
16:37 of 2nd period - Deflect By Emil Pettersson.
16:37 of 2nd period - Stopped by Colton Phinney with a rebound.
16:39 of 2nd period - Snap shot by Josh Leivo.
16:39 of 2nd period - Goal by Josh Leivo - Bridgeport Sound Tigers : 3 - Seattle Thunderbirds : 5.
16:40 of 2nd period - Sam Carrick wins face-off versus Christian Fischer in neutral zone.
16:43 of 2nd period - Snap shot by Sam Carrick.
16:43 of 2nd period - Shot Misses the Net.
16:45 of 2nd period - Snap shot by Steve Bernier.
16:45 of 2nd period - Deflect By Josh Leivo.
16:45 of 2nd period - Goal by Josh Leivo - Bridgeport Sound Tigers : 3 - Seattle Thunderbirds : 6.
16:45 of 2nd period - Unknown Goalie enters game.
16:46 of 2nd period - Sam Carrick wins face-off versus Christian Fischer in neutral zone.
17:32 of 2nd period - Snap shot by Michael Bunting.
17:32 of 2nd period - Shot Misses the Net.
17:50 of 2nd period - Slapshot by Justin Dowling.
17:50 of 2nd period - Deflect By Logan Shaw.
17:50 of 2nd period - Shot Misses the Net.
17:50 of 2nd period - Puck is out of play.
17:51 of 2nd period - Sam Carrick wins face-off versus Justin Dowling in Seattle Thunderbirds zone.
18:17 of 2nd period - Joey LaLeggia is hit by Patrick Sieloff and loses puck.
18:30 of 2nd period - Joey LaLeggia is hit by Justin Scott and loses puck.
18:47 of 2nd period - Icing by Peter Cehlarik.
18:48 of 2nd period - Matt Read wins face-off versus Par Lindholm in Seattle Thunderbirds zone.
19:02 of 2nd period - Minor Penalty to Andrew O'Brien for Hooking.
19:03 of 2nd period - Sam Carrick wins face-off versus Christian Fischer in Bridgeport Sound Tigers zone.
19:04 of 2nd period - Snap shot by Josh Leivo.
19:04 of 2nd period - Goal by Josh Leivo - Bridgeport Sound Tigers : 3 - Seattle Thunderbirds : 7.
19:05 of 2nd period - Sam Carrick wins face-off versus Christian Fischer in neutral zone.
19:10 of 2nd period - Slapshot by Jacob MacDonald.
19:10 of 2nd period - Shot Misses the Net.
19:16 of 2nd period - Snap shot by Sam Carrick.
19:16 of 2nd period - Goal by Sam Carrick - Bridgeport Sound Tigers : 3 - Seattle Thunderbirds : 8.
19:17 of 2nd period - Sam Carrick wins face-off versus Christian Fischer in neutral zone.
19:20 of 2nd period - Wrist shot by Jacob MacDonald.
19:20 of 2nd period - Shot Blocked by Matt Roy.
19:22 of 2nd period - Slapshot by Josh Leivo.
19:22 of 2nd period - Goal by Josh Leivo - Bridgeport Sound Tigers : 3 - Seattle Thunderbirds : 9.
19:23 of 2nd period - Sam Carrick wins face-off versus Christian Fischer in neutral zone.
19:25 of 2nd period - Off-side.
19:26 of 2nd period - Christian Fischer wins face-off versus Sam Carrick in neutral zone.
19:28 of 2nd period - Evan McEneny is hit by Sam Carrick and loses puck.
19:41 of 2nd period - Wrist shot by Logan Shaw.
19:41 of 2nd period - Shot Misses the Net.
19:47 of 2nd period - Minor Penalty to Steve Bernier for Tripping.
19:48 of 2nd period - Christian Fischer wins face-off versus Peter Cehlarik in Seattle Thunderbirds zone.
Goals for this period are 2 for Bridgeport Sound Tigers vs 9 for Seattle Thunderbirds.
Shots for this period are 10 for Bridgeport Sound Tigers vs 23 for Seattle Thunderbirds.

3rd period


0:01 of 3rd period - Christian Fischer wins face-off versus Peter Cehlarik in neutral zone.
0:54 of 3rd period - Slapshot by Matt Roy.
0:54 of 3rd period - Deflect By Christian Fischer.
0:54 of 3rd period - Stopped by Mitch Gillam without a rebound.
0:55 of 3rd period - Drake Batherson wins face-off versus Peter Cehlarik in Seattle Thunderbirds zone.
1:00 of 3rd period - Wrist shot by Brendan Leipsic.
1:00 of 3rd period - Shot Misses the Net.
1:47 of 3rd period - Penalty to Steve Bernier is over, Steve Bernier is back on ice.
1:58 of 3rd period - Wrist shot by Par Lindholm.
1:58 of 3rd period - Stopped by Mitch Gillam with a rebound.
2:00 of 3rd period - Slapshot by Evan McEneny.
2:00 of 3rd period - Stopped by Mitch Gillam with a rebound.
2:14 of 3rd period - T.J. Tynan is hit by Matt Roy and loses puck.
2:23 of 3rd period - Icing by Justin Dowling.
2:24 of 3rd period - Justin Dowling wins face-off versus Matt Read in Bridgeport Sound Tigers zone.
2:24 of 3rd period - Justin Dowling is hit by Matt Read.
2:30 of 3rd period - Peter Cehlarik is hit by Ryan Lomberg and loses puck.
2:45 of 3rd period - 10 Minutes Misconduct Penalty to Jacob Middleton is over.
4:14 of 3rd period - Brooks Macek is hit by Jacob Middleton and loses puck.
9:14 of 3rd period - Slapshot by Patrick Sieloff.
9:14 of 3rd period - Stopped by Mitch Gillam without a rebound.
9:15 of 3rd period - Emil Pettersson wins face-off versus Drake Batherson in Seattle Thunderbirds zone.
9:15 of 3rd period - Emil Pettersson is hit by Evan McEneny.
9:26 of 3rd period - Sam Carrick beats up Justin Scott.
9:26 of 3rd period - Penalty to Sam Carrick for Fighting.
9:26 of 3rd period - Penalty to Justin Scott for Fighting.
9:27 of 3rd period - Logan Shaw wins face-off versus Matt Read in Bridgeport Sound Tigers zone.
9:29 of 3rd period - Evan McEneny beats up Jacob MacDonald.
9:29 of 3rd period - Penalty to Jacob MacDonald for Fighting.
9:29 of 3rd period - Penalty to Evan McEneny for Fighting.
9:30 of 3rd period - Christian Fischer wins face-off versus Matt Read in neutral zone.
9:32 of 3rd period - Off-side.
9:33 of 3rd period - Matt Read wins face-off versus Christian Fischer in neutral zone.
9:36 of 3rd period - Patrick Sieloff is hit by Steve Bernier and loses puck.
10:15 of 3rd period - Minor Penalty to Stefan Noesen for Slashing.
10:16 of 3rd period - Christian Fischer wins face-off versus Steve Bernier in Seattle Thunderbirds zone.
10:17 of 3rd period - Wrist shot by Logan Shaw.
10:17 of 3rd period - Deflect By Cole Schneider.
10:17 of 3rd period - Goal by Cole Schneider - Bridgeport Sound Tigers : 4 - Seattle Thunderbirds : 9.
10:18 of 3rd period - Christian Fischer wins face-off versus Matt Read in neutral zone.
10:18 of 3rd period - Josh Leivo beats up Jacob Middleton.
10:18 of 3rd period - Penalty to Josh Leivo for Fighting.
10:18 of 3rd period - Penalty to Jacob Middleton for Fighting.
10:18 of 3rd period - Jacob Middleton is ejected from game.
10:19 of 3rd period - Steve Bernier wins face-off versus Christian Fischer in neutral zone.
10:21 of 3rd period - Off-side.
10:22 of 3rd period - Christian Fischer wins face-off versus Matt Read in neutral zone.
10:25 of 3rd period - Steve Bernier is hit by Patrick Sieloff and loses puck.
10:30 of 3rd period - Wrist shot by Christian Fischer.
10:30 of 3rd period - Shot Blocked by Brooks Macek.
10:36 of 3rd period - Snap shot by Christian Fischer.
10:36 of 3rd period - Stopped by Mitch Gillam with a rebound.
10:38 of 3rd period - Wrist shot by Christian Fischer.
10:38 of 3rd period - Stopped by Mitch Gillam with a rebound.
10:48 of 3rd period - Slapshot by Jacob Larsson.
10:48 of 3rd period - Deflect By T.J. Tynan.
10:48 of 3rd period - Stopped by Unknown Goalie with a rebound.
10:50 of 3rd period - Snap shot by Logan Brown.
10:50 of 3rd period - Goal by Logan Brown - Bridgeport Sound Tigers : 4 - Seattle Thunderbirds : 10.
10:51 of 3rd period - Christian Fischer wins face-off versus Matt Read in neutral zone.
10:51 of 3rd period - Steve Bernier beats up Cole Schneider.
10:51 of 3rd period - Penalty to Steve Bernier for Fighting.
10:51 of 3rd period - Penalty to Cole Schneider for Fighting.
10:52 of 3rd period - Christian Fischer wins face-off versus Matt Read in neutral zone.
11:05 of 3rd period - Snap shot by Christian Fischer.
11:05 of 3rd period - Shot Blocked by Matt Read.
11:07 of 3rd period - Wrist shot by Logan Shaw.
11:07 of 3rd period - Stopped by Mitch Gillam with a rebound.
11:17 of 3rd period - Andrew O'Brien is hit by Yannick Weber and loses puck.
11:32 of 3rd period - Stefan Noesen is hit by Andrew O'Brien and loses puck.
13:13 of 3rd period - Slapshot by Brendan Leipsic.
13:13 of 3rd period - Shot Misses the Net.
13:21 of 3rd period - Wrist shot by Drake Batherson.
13:21 of 3rd period - Shot Misses the Net.
13:31 of 3rd period - Wrist shot by Yannick Weber.
13:31 of 3rd period - Goal by Yannick Weber - Bridgeport Sound Tigers : 4 - Seattle Thunderbirds : 11.
13:32 of 3rd period - Christian Fischer wins face-off versus Brooks Macek in neutral zone.
13:46 of 3rd period - Jacob Larsson is hit by Christian Fischer and loses puck.
13:59 of 3rd period - Emil Pettersson is hit by Matt Roy and loses puck.
15:15 of 3rd period - Snap shot by Logan Brown.
15:15 of 3rd period - Shot Misses the Net.
15:17 of 3rd period - Slapshot by Joey LaLeggia.
15:17 of 3rd period - Shot Misses the Net.
18:18 of 3rd period - Matt Read is hit by Logan Shaw and loses puck.
Goals for this period are 1 for Bridgeport Sound Tigers vs 2 for Seattle Thunderbirds.
Shots for this period are 8 for Bridgeport Sound Tigers vs 3 for Seattle Thunderbirds. Output by the SimonT Hockey Simulator (STHS) for Alexandre Lamarre - Original Page W3C HTML5 Valid
Hockey Simulator - Hockey Simulation - Hockey Manager